Map: 星軌船廠

Players

Nice

  • Race: Protoss Protoss
  • League: Grandmaster

Sen - Winner!

  • Race: Zerg Zerg
  • League: Master

Event: 2016 WCS Winter Challenger Taiwan

VOD

Have the link to the VOD?

Description

Time

  • Played on: Jan. 7, 2016, 7:18 a.m.
  • Length: 13:57

All games in this series

Show
View Real Time Build Order
Export as new Build Order

Nice Protoss 

Build Orders: 1 Gate Expand, Oracle Opening 

Get SALT Encoding   

  12  0:01  Probe (Chrono Boost)  
  13  0:11  Probe (Chrono Boost)  
  14  0:21  Pylon  
  14  0:22  Probe (Chrono Boost)  
  15  0:40  Probe (Chrono Boost)  
  15  0:42  Gateway  
  16  0:50  Probe (Chrono Boost)  
  16  0:54  Assimilator  
  17  1:01  Probe (Chrono Boost)  
  18  1:11  Probe (Chrono Boost)  
  19  1:22  Nexus  
  19  1:24  Probe (Chrono Boost)  
  19  1:35  Probe (Chrono Boost)  
  19  1:38  Cybernetics Core  
  20  1:44  Assimilator  
  20  1:45  Probe (Chrono Boost)  
  21  1:56  Probe (Chrono Boost), Pylon  
  22  2:07  Probe (Chrono Boost)  
  23  2:15  Adept, Warp Gate  
  25  2:17  Probe (Chrono Boost)  
  26  2:28  Probe (Chrono Boost)  
  27  2:37  Stargate  
  27  2:38  Probe (Chrono Boost)  
  27  2:40  Probe (Chrono Boost)  
  29  2:45  Adept  
  29  2:49  Probe (Chrono Boost)  
  29  2:50  Probe (Chrono Boost)  
  33  2:58  Pylon  
  33  2:59  Probe (Chrono Boost)  
  33  3:01  Probe (Chrono Boost)  
  35  3:10  Probe (Chrono Boost)  
  35  3:12  Probe (Chrono Boost)  
  39  3:20  Probe (Chrono Boost)  
  39  3:21  Oracle (Chrono Boost)  
  39  3:23  Adept  
  39  3:25  Gateway  
  43  3:28  Probe, Gateway  
  45  3:36  Pylon  
  45  3:39  Probe (Chrono Boost), Mothership Core (Chrono Boost)  
  47  3:51  Probe (Chrono Boost)  
  47  3:55  Assimilator  
  48  3:58  Probe (Chrono Boost)  
  48  4:00  Assimilator  
  48  4:01  Probe (Chrono Boost)  
  50  4:03  Void Ray  
  50  4:09  Probe (Chrono Boost)  
  55  4:12  Probe (Chrono Boost)  
  56  4:20  Probe (Chrono Boost)  
  56  4:21  Nexus  
  56  4:22  Probe (Chrono Boost)  
  58  4:30  Probe (Chrono Boost)  
  59  4:32  Pylon  
  59  4:33  Probe (Chrono Boost)  
  59  4:34  Pylon  
  60  4:41  Probe (Chrono Boost)  
  60  4:43  Probe (Chrono Boost)  
  62  4:51  Stargate  
  62  4:54  Adept x3  
  62  4:55  Probe (Chrono Boost)  
  62  4:56  Probe (Chrono Boost)  
  70  5:02  Stargate  
  70  5:06  Probe (Chrono Boost)  
  71  5:08  Probe (Chrono Boost)  
  71  5:12  Forge  
  72  5:16  Pylon, Adept x2  
  72  5:17  Probe (Chrono Boost)  
  77  5:28  Probe (Chrono Boost)  
  78  5:32  Probe (Chrono Boost), Pylon, Oracle  
  78  5:33  Probe (Chrono Boost)  
  83  5:39  Probe (Chrono Boost)  
  84  5:43  Probe (Chrono Boost)  
  84  5:49  Probe (Chrono Boost)  
  86  5:52  Probe (Chrono Boost)  
  86  5:53  Probe (Chrono Boost)  
  86  5:54  Assimilator  
  86  5:55  Oracle x2 (Chrono Boost)  
  86  5:56  Photon Cannon, Assimilator  
  88  6:09  Probe (Chrono Boost)  
  88  6:11  Probe (Chrono Boost)  
  88  6:12  Probe (Chrono Boost)  
  88  6:14  Oracle (Chrono Boost)  
  84  6:19  Probe (Chrono Boost)  
  84  6:21  Probe (Chrono Boost)  
  84  6:23  Photon Cannon  
  86  6:25  Photon Cannon  
  86  6:26  Probe, Pylon  
  86  6:27  Photon Cannon  
  86  6:31  Probe  
  88  6:33  Probe  
  89  6:45  Adept x3  
  95  6:47  Oracle (Chrono Boost)  
  95  6:48  Oracle x2 (Chrono Boost)  
  95  6:53  Pylon x2  
  104  7:02  Twilight Council, Pylon  
  104  7:04  Pylon  
  104  7:05  Adept x2  
  104  7:06  Adept  
  110  7:11  Protoss Ground Weapons Level 1  
  110  7:19  Oracle (Chrono Boost)  
  110  7:21  Oracle (Chrono Boost)  
  116  7:35  Gateway  
  116  7:40  Adept  
  116  7:41  Adept x2, Gateway  
  116  7:42  Resonating Glaives  
  122  7:44  Gateway x2  
  122  7:49  Pylon, Gateway  
  122  7:50  Pylon  
  124  7:51  Phoenix (Chrono Boost)  
  124  8:02  Phoenix (Chrono Boost)  
  124  8:03  Phoenix (Chrono Boost)  
  104  8:13  Phoenix (Chrono Boost)  
  104  8:14  Photon Cannon  
  104  8:16  Photon Cannon x2  
  104  8:18  Photon Cannon  
  104  8:19  Photon Cannon  
  100  8:20  Photon Cannon  
  100  8:21  Pylon, Photon Cannon  
  100  8:24  Phoenix x2 (Chrono Boost)  
  100  8:38  Phoenix (Chrono Boost)  
  102  8:46  Phoenix (Chrono Boost)  
  102  8:54  Phoenix (Chrono Boost)  
  104  9:00  Phoenix (Chrono Boost)  
  104  9:01  Adept x3  
  104  9:02  Adept x2  
  112  9:03  Fleet Beacon  
  110  9:15  Phoenix (Chrono Boost)  
  110  9:16  Phoenix (Chrono Boost)  
  106  9:27  Phoenix (Chrono Boost)  
  108  9:37  Probe  
  109  9:39  Phoenix x2 (Chrono Boost)  
  109  9:44  Adept x2  
  109  9:45  Adept x4  
  123  9:48  Adept  
  123  9:49  Adept  
  127  10:02  Protoss Ground Weapons Level 2  
  127  10:05  Robotics Facility  
  127  10:10  Mothership Core  
  117  10:24  Charge (Chrono Boost)  
  117  10:25  Zealot x7  
  117  10:26  Zealot  
  113  10:52  Zealot x8  
  113  10:55  Templar Archives  
  127  10:57  Nexus  
  117  11:26  Zealot x7  
  117  11:27  Zealot  
  117  11:30  Warp Prism  
  134  11:51  High Templar x4  
  134  11:52  High Templar x4  
  150  11:56  Archon x3  
  150  11:59  Archon  
  150  12:05  Void Ray  
  150  12:09  Pylon, Nexus  
  150  12:11  Void Ray  
  155  12:23  Zealot  
  155  12:24  Zealot x5  
  167  12:30  Zealot  
  167  12:31  Zealot  
  171  12:47  High Templar  
  171  12:50  Nexus  
  173  12:57  High Templar  
  173  13:02  Archon  
  173  13:07  Robotics Bay  
  173  13:14  Pylon  
  173  13:19  Pylon  
  173  13:24  Pylon  
  173  13:32  Observer, Pylon  
  174  13:37  Zealot  
  174  13:38  Zealot x6  
Show
View Real Time Build Order
Export as new Build Order

Sen Zerg - Winner!

Build Orders: 3 Hatch before Pool, Lurkers 

Get SALT Encoding   

  12  0:00  Drone  
  13  0:08  Drone  
  14  0:18  Overlord  
  14  0:22  Extractor  
  14  0:23  Drone  
  15  0:36  Drone x2  
  17  0:44  Drone  
  18  0:54  Hatchery  
  17  0:59  Drone  
  18  1:18  Hatchery  
  17  1:33  Spawning Pool  
  17  1:35  Drone  
  17  1:38  Drone  
  18  1:42  Drone  
  18  1:44  Extractor  
  18  1:49  Drone  
  19  1:59  Drone  
  20  2:10  Drone x2  
  22  2:20  Queen  
  22  2:22  Queen  
  26  2:25  Overlord  
  26  2:31  Queen  
  26  2:35  Zergling x2  
  29  2:37  Drone  
  29  2:40  Drone  
  29  2:42  Drone  
  32  2:46  Drone  
  33  2:52  Metabolic Boost  
  33  2:55  Drone  
  33  2:57  Drone  
  35  3:01  Overlord  
  35  3:06  Drone x2  
  37  3:13  Drone x2  
  37  3:16  Queen  
  41  3:20  Overlord  
  41  3:29  Drone  
  41  3:30  Drone x3  
  41  3:31  Drone  
  41  3:33  Drone  
  47  3:37  Overlord  
  47  3:40  Drone x2  
  49  3:48  Drone  
  49  3:51  Roach Warren  
  49  3:52  Drone x2, Extractor  
  49  3:55  Drone x2  
  51  3:59  Spore Crawler  
  51  4:01  Spore Crawler  
  49  4:05  Drone x2  
  49  4:06  Drone x2  
  49  4:08  Drone  
  54  4:12  Drone  
  54  4:13  Drone  
  54  4:14  Drone  
  57  4:20  Overlord  
  57  4:24  Lair  
  57  4:30  Overlord, Drone  
  57  4:31  Overlord  
  58  4:35  Extractor  
  58  4:37  Drone  
  58  4:38  Evolution Chamber  
  58  4:39  Drone  
  58  4:40  Drone  
  58  4:41  Drone x4  
  58  4:44  Extractor  
  58  4:45  Overlord, Extractor x2  
  61  4:47  Drone x3  
  61  4:49  Drone  
  64  4:53  Zergling x2  
  64  4:55  Drone  
  64  4:59  Zergling x2  
  67  5:00  Overlord  
  67  5:03  Roach x3  
  67  5:04  Roach x2  
  77  5:07  Zerg Missile Weapons Level 1  
  77  5:10  Drone x2  
  80  5:14  Drone  
  80  5:15  Drone  
  80  5:16  Drone  
  80  5:20  Drone  
  83  5:24  Spire, Glial Reconstitution  
  82  5:37  Overseer  
  82  5:39  Overlord x2  
  82  5:41  Drone x3  
  82  5:42  Drone x3  
  88  5:49  Zergling x8  
  89  6:01  Zergling x6  
  82  6:11  Drone  
  82  6:12  Drone x4  
  82  6:13  Drone x2  
  82  6:16  Overseer  
  82  6:17  Drone x4  
  90  6:21  Queen  
  90  6:40  Overlord x2  
  90  6:42  Drone  
  90  6:43  Drone  
  91  6:54  Overlord x2  
  91  6:59  Overseer  
  91  7:04  Zerg Missile Weapons Level 2  
  91  7:05  Drone x2  
  93  7:23  Hatchery  
  92  7:34  Mutalisk, Hydralisk Den  
  92  7:35  Mutalisk x15  
  123  7:39  Spore Crawler  
  123  7:41  Spore Crawler  
  123  7:42  Spore Crawler  
  120  7:51  Mutalisk x2  
  104  7:54  Drone x10  
  108  8:00  Zerg Flyer Weapons Level 1  
  108  8:03  Drone  
  108  8:04  Drone  
  108  8:05  Drone x5  
  113  8:06  Drone  
  113  8:07  Drone  
  113  8:11  Spore Crawler  
  112  8:24  Drone x6, Queen  
  120  8:31  Overlord  
  120  8:32  Overlord  
  120  8:35  Overlord x2  
  120  8:36  Drone  
  120  8:37  Drone x4  
  123  8:52  Hydralisk x6  
  125  9:14  Roach x5  
  125  9:15  Roach  
  137  9:18  Hydralisk  
  137  9:19  Hydralisk x4  
  143  9:32  Hydralisk x6  
  143  9:34  Drone, Queen  
  143  9:35  Extractor  
  143  9:36  Queen  
  155  9:46  Hydralisk  
  155  9:47  Hydralisk x2  
  155  9:48  Overlord x2  
  155  9:50  Muscular Augments  
  155  9:51  Zerg Ground Armor Level 1  
  155  9:56  Spore Crawler  
  155  9:58  Overlord x2  
  148  10:07  Hydralisk x6  
  158  10:19  Roach x6  
  166  10:30  Drone x3  
  166  10:31  Queen  
  169  10:40  Hydralisk x6  
  176  10:44  Hydralisk x3  
  182  10:50  Drone  
  182  10:51  Overseer  
  183  11:07  Overlord  
  183  11:08  Overlord  
  181  11:20  Overlord x2  
  181  11:21  Overseer  
  181  11:23  Lurker Den  
  181  11:34  Infestation Pit  
  181  11:35  Extractor  
  178  11:44  Drone x3  
  178  11:47  Overlord  
  181  11:56  Drone x3  
  181  11:58  Overlord  
  181  11:59  Hatchery  
  183  12:08  Overlord  
  182  12:24  Hive  
  182  12:36  Corruptor  
  182  12:37  Corruptor x5  
  176  12:39  Corruptor  
  194  12:50  Queen  
  195  12:59  Lurker x4  
  199  13:08  Lurker  
  199  13:09  Lurker x3  
  199  13:18  Spine Crawler  
Tags
 
Add a new tag
Caveats
  • Supply blocks, unpowered buildings, or Contaminate may cause inaccurate times.
  • Supply counts are checked every 10 seconds.